Map: Ley Lines

Players

ByuN

  • Race: Terran Terran
  • Spawn Location: 7:00

LiquidCure (Cure) - Winner!

  • Race: Terran Terran
  • League: Master
  • Spawn Location: 1:00

VOD

Have the link to the VOD?

Description

Time

  • Played on: March 14, 2025, 9:06 a.m.
  • Length: 10:34
Show
View Real Time Build Order
Export as new Build Order

ByuN Terran 

Build Orders: Gas First Reaper Expand 

Get SALT Encoding   

  12  0:00  SCV  
  13  0:12  SCV  
  14  0:17  Supply Depot  
  14  0:24  SCV  
  14  0:28  Refinery  
  15  0:38  SCV  
  16  0:44  Barracks  
  16  0:50  SCV  
  17  1:02  SCV  
  18  1:14  SCV  
  19  1:31  Reaper, Orbital Command  
  20  1:43  Command Center  
  20  1:52  Factory  
  20  1:56  SCV  
  21  2:03  Supply Depot  
  21  2:05  Marine  
  22  2:10  SCV  
  22  2:14  Refinery  
  23  2:24  Marine, SCV  
  25  2:35  Hellion  
  25  2:36  SCV  
  28  2:37  Starport  
  28  2:43  Barracks Reactor  
  28  2:49  SCV  
  29  2:57  Orbital Command, Factory Tech Lab  
  29  3:01  SCV  
  30  3:15  SCV  
  30  3:17  Orbital Command  
  30  3:19  Marine  
  31  3:20  Marine, Raven  
  31  3:21  Factory Tech Lab  
  31  3:23  Barracks  
  35  3:27  SCV  
  35  3:30  Supply Depot  
  36  3:40  Cyclone  
  41  3:42  SCV  
  41  3:43  SCV  
  41  3:48  Marine x2  
  42  3:54  SCV  
  42  3:55  SCV  
  45  3:59  Refinery  
  45  4:07  SCV x2  
  49  4:11  Supply Depot  
  49  4:12  Siege Tank  
  52  4:19  SCV  
  52  4:20  SCV, Stimpack  
  52  4:26  Supply Depot  
  52  4:29  Marine x2  
  54  4:32  Starport Reactor  
  54  4:33  Marine, SCV x2  
  57  4:44  Siege Tank  
  57  4:45  SCV x2  
  62  4:49  Supply Depot  
  62  4:51  Marine x3  
  65  4:57  SCV x2  
  67  5:03  Command Center  
  67  5:09  SCV x2  
  67  5:11  Supply Depot  
  69  5:14  Medivac x2  
  73  5:21  SCV x2  
  73  5:22  Refinery  
  73  5:25  Siege Tank  
  78  5:32  Marine x3  
  82  5:39  Engineering Bay  
  82  5:40  SCV x2, Engineering Bay  
  83  5:49  Viking  
  85  5:50  Marine  
  86  5:57  Marine  
  86  6:03  Marine, SCV  
  86  6:06  Terran Infantry Armor Level 1, Terran Infantry Weapons Level 1  
  86  6:14  Marine x2, SCV  
  88  6:21  Marine  
  88  6:22  Siege Tank  
  88  6:23  Viking  
  88  6:24  Viking  
  90  6:27  SCV x2  
  90  6:31  Marine  
  90  6:32  Marine  
  93  6:34  Barracks  
  93  6:38  Marine  
  95  6:40  SCV  
  95  6:43  SCV  
  89  6:49  Marine  
  89  6:50  Marine  
  89  6:52  SCV  
  87  6:55  SCV  
  87  6:56  Marine  
  88  7:01  Barracks  
  88  7:02  Barracks  
  88  7:04  SCV  
  88  7:06  Siege Tank  
  88  7:07  Marine  
  88  7:08  Barracks, Marine  
  93  7:14  Marine  
  79  7:24  Viking  
  79  7:25  Marine  
  79  7:26  Marine  
  79  7:28  SCV x2  
  84  7:32  Marine  
  66  7:38  Siege Tank  
  66  7:40  SCV x2  
  66  7:43  Marine  
  66  7:44  Marine  
  64  7:50  Marine  
  61  7:52  SCV  
  61  7:54  SCV  
  63  7:59  Medivac x2  
  63  8:00  Marine  
  63  8:03  Marine  
  63  8:04  Marine x4  
  73  8:12  Marine  
  74  8:18  Marine, Siege Tank  
  78  8:21  Marine x3  
  78  8:25  Marine x2  
  78  8:26  Combat Shield  
  83  8:30  Marine  
  84  8:36  Marine  
  84  8:39  Marine x3  
  86  8:42  Marine  
  86  8:43  Marine  
  86  8:48  Marine  
  87  8:54  Marine  
  86  8:57  Marine x3  
  86  9:00  Marine  
  86  9:01  Marine, Siege Tank  
  88  9:05  Marine  
  87  9:12  Marine, Medivac  
  87  9:14  Medivac  
  87  9:15  Marine x2  
  94  9:22  Marine x2  
  94  9:24  Marine x2  
  93  9:27  SCV x2  
  93  9:30  Marine  
  78  9:32  Marine  
  78  9:33  Marine  
  78  9:34  Siege Tank  
  83  9:39  Marine  
  83  9:40  Marine  
  83  9:41  Marine x2  
  83  9:45  Medivac x2  
  91  9:47  Marine  
  91  9:50  Marine x2  
  94  10:08  Marine x2  
  94  10:09  Marine  
Show
View Real Time Build Order
Export as new Build Order

LiquidCure Terran - Winner!

Build Orders:  

Get SALT Encoding   

  12  0:00  SCV  
  13  0:12  SCV  
  14  0:16  Supply Depot  
  14  0:24  SCV  
  15  0:38  SCV  
  15  0:39  Barracks  
  15  0:42  Refinery  
  16  0:50  SCV  
  16  0:52  Refinery  
  17  1:02  SCV  
  18  1:14  SCV  
  19  1:26  Reaper, Orbital Command  
  19  1:30  Supply Depot  
  20  1:42  Factory  
  20  1:52  SCV  
  21  1:58  Reaper  
  22  2:04  SCV  
  23  2:14  Command Center  
  23  2:16  SCV  
  24  2:26  Hellion  
  24  2:28  Supply Depot  
  24  2:29  SCV  
  27  2:32  Reaper  
  28  2:41  SCV  
  29  2:47  Widow Mine  
  29  2:48  Starport  
  31  2:54  SCV  
  32  3:05  Barracks Reactor  
  32  3:06  SCV  
  32  3:09  Factory Tech Lab  
  32  3:12  Refinery  
  33  3:18  SCV  
  34  3:25  Starport Tech Lab  
  34  3:26  Orbital Command  
  34  3:27  Cyclone  
  34  3:30  SCV  
  38  3:41  Marine x2  
  38  3:42  SCV  
  38  3:46  Supply Depot  
  38  3:47  Raven  
  43  3:52  SCV  
  43  3:54  Interference Matrix, SCV  
  45  3:59  Marine x2  
  47  4:05  Supply Depot, SCV  
  47  4:06  SCV  
  47  4:09  Siege Tank  
  52  4:17  Marine x2, SCV  
  52  4:18  SCV  
  52  4:21  Refinery  
  56  4:26  Raven  
  56  4:29  SCV  
  56  4:31  SCV  
  60  4:32  Supply Depot  
  60  4:35  Marine x2  
  62  4:41  SCV  
  62  4:42  Siege Tank  
  62  4:43  SCV  
  67  4:50  Supply Depot  
  67  4:53  Marine x2, SCV  
  67  4:55  SCV  
  67  4:58  Starport  
  72  5:13  Supply Depot  
  72  5:14  Viking x2  
  73  5:17  Siege Tank  
  73  5:19  Marine  
  79  5:22  SCV x2  
  79  5:26  Supply Depot  
  81  5:34  SCV x2  
  83  5:37  Marine  
  82  5:44  Viking x2  
  82  5:49  Viking  
  88  5:55  Marine  
  88  6:00  Siege Tank  
  88  6:02  Supply Depot  
  90  6:12  SCV x2  
  90  6:13  Marine  
  90  6:16  Viking  
  94  6:23  Viking  
  94  6:24  SCV  
  95  6:26  Viking  
  97  6:33  Marine  
  93  6:48  Viking  
  93  6:49  SCV x2  
  93  6:51  Marine  
  93  6:53  Viking, Siege Tank  
  103  7:01  SCV x2  
  102  7:09  Marine  
  102  7:11  Viking  
  102  7:13  SCV x2  
  94  7:21  Viking  
  88  7:23  Viking  
  88  7:27  Marine  
  88  7:28  Barracks  
  88  7:29  Barracks  
  90  7:30  Siege Tank  
  74  7:44  Marine  
  74  7:45  Viking  
  74  7:49  SCV x2  
  76  7:52  Stimpack  
  76  8:02  Marine, Siege Tank  
  76  8:04  Command Center  
  80  8:07  Liberator  
  80  8:09  Liberator  
  86  8:16  Barracks Reactor x2  
  86  8:17  Engineering Bay  
  86  8:20  Marine  
  86  8:24  Engineering Bay x2  
  87  8:28  SCV x2  
  87  8:33  Barracks  
  89  8:34  Barracks  
  89  8:38  Marine  
  89  8:40  SCV x2  
  92  8:48  Siege Tank  
  88  8:57  Marine x5  
  88  9:00  SCV x2  
  88  9:01  Viking x2  
  94  9:13  SCV x2  
  96  9:25  Marine x5  
  96  9:27  Siege Tank  
  96  9:28  SCV x2  
  96  9:30  Medivac  
  94  9:34  Orbital Command  
  90  9:40  Barracks Reactor x2  
  90  9:42  Marine x4  
  90  9:43  Marine  
  95  9:47  SCV x2  
  95  9:48  Missile Turret  
  95  9:49  Missile Turret  
  97  9:53  Missile Turret  
  97  9:57  Refinery  
  96  10:00  Marine x5  
  96  10:01  Refinery  
  96  10:02  Sensor Tower  
  104  10:11  SCV x2  
  104  10:12  SCV  
Tags
 
League
Master
Matchup
TvT
Player
ByuNCure
Race
Terran
Spawn Locations
Cross Positions
Add a new tag
Caveats
  • Supply blocks, unpowered buildings, or Contaminate may cause inaccurate times.
  • Supply counts are checked every 10 seconds.